 Dungeon Crawl Stone Soup version 0.23-a0-171-g5ae17c6 (console) character file.

44 nht the Firebug (level 3, 0/26 HPs)
             Began as a Hill Orc Fire Elementalist on Sept 15, 2018.
             Succumbed to an adder's poison
             ... on level 2 of the Dungeon.
             The game lasted 00:02:43 (1347 turns).

nht the Firebug (Hill Orc Fire Elementalist)        Turns: 1347, Time: 00:02:43

Health: 0/26       AC:  3    Str: 15    XL:     3   Next: 60%
Magic:  2/5        EV: 12    Int: 16    God:
Gold:   39         SH:  0    Dex: 11    Spells: 2/5 levels left

rFire    . . .     SeeInvis .   g - +0 short sword
rCold    . . .     Gourm    .   (no shield)
rNeg     . . .     Faith    .   a - +1 robe
rPois    .         Spirit   .   (no helmet)
rElec    .         Reflect  .   (no cloak)
rCorr    .         Harm     .   (no gloves)
MR       .....                  (no boots)
Stlth    ++........             (no amulet)
HPRegen  0.08/turn              (no ring)
MPRegen  0.09/turn              (no ring)

@: mighty, lethally poisoned (0 -> -2)
A: no striking features
a: no special abilities


You were on level 2 of the Dungeon.
You were hungry.

You visited 1 branch of the dungeon, and saw 2 of its levels.

You collected 39 gold pieces.

Inventory:

Hand Weapons
 b - a +0 club
 g - a +0 short sword (weapon)
Armour
 a - a +1 robe (worn)
Scrolls
 e - a scroll of fog
Comestibles
 c - a ration


   Skills:
 - Level 1.7 Dodging
 - Level 1.7 Stealth
 - Level 1.7 Spellcasting
 + Level 2.1 Conjurations
 + Level 4.0 Fire Magic


You had 2 spell levels left.
You knew the following spells:

 Your Spells              Type           Power        Failure   Level  Hunger
a - Flame Tongue          Conj/Fire      ##...        6%          1    ##.....
b - Throw Flame           Conj/Fire      ##....       9%          2    ###....

Your spell library contained the following spells:

 Spells                   Type           Power        Failure   Level  Hunger
 Conjure Flame            Conj/Fire      ##......     19%         3    ####...
 Inner Flame              Hex/Fire       #.......     28%         3    ####...
 Sticky Flame             Conj/Fire      ##......     52%         4    #####..
 Fireball                 Conj/Fire      ##........   86%         5    ######.


Dungeon Overview and Level Annotations

Branches:
Dungeon (2/15)

Altars:


Message History

You hit the adder.
You kill the adder!
Your Fire Magic skill increases to level 4!
* * * LOW HITPOINT WARNING * * *
You feel sick.
* * * LOW HITPOINT WARNING * * *
You feel sick.
There is a lethal amount of poison in your body!
There is a lethal amount of poison in your body!
There is a lethal amount of poison in your body!
There is a lethal amount of poison in your body!
* * * LOW HITPOINT WARNING * * *
You feel sick.
* * * LOW HITPOINT WARNING * * *
You feel sick.
* * * LOW HITPOINT WARNING * * *
You feel sick.
* * * LOW HITPOINT WARNING * * *
You feel sick.
You die...

███.█ ██.....
█...█ .......%.
█.█.████ .........
█.█..).█ .........
█<████.██
█........ █.█
█..███████........
█.█
██..<.............
█.█
████████.........
...
.......@........
█.█
████............
█(█
█...██.........
█.█ █.██
██....%... █
██......█ ████..█
.██ █


There were no monsters in sight!

Vanquished Creatures
  An adder (D:2)
  2 dart slugs (D:1)
  A leopard gecko (D:1)
  3 giant cockroaches (D:1)
  3 hobgoblins (D:1)
  3 jackals (D:1)
  5 kobolds
  3 bats (D:1)
  3 goblins (D:1)
  6 rats (D:1)
30 creatures vanquished.

Notes
Turn   | Place    | Note
-------+----------+-------------------------------------------
     0 | D:1      | nht the Hill Orc Fire Elementalist began the quest for the
                  | Orb.
     0 | D:1      | Reached XP level 1. HP: 14/14 MP: 3/3
   140 | D:1      | Reached XP level 2. HP: 19/20 MP: 0/4
   715 | D:1      | Reached XP level 3. HP: 13/26 MP: 2/5
   750 | D:1      | Learned a level 2 spell: Throw Flame
  1332 | D:2      | Reached skill level 4 in Fire Magic
  1344 | D:2      | HP: 1/26 [poisoned by an adder]
  1347 | D:2      | Succumbed to an adder's poison

Vault maps used:
D:1:      dpeg_arrival_simpleton_a, solitary_fountain, minmay_tree_intersection,
          minmay_misc_feat_enclosed, st_stairs_11
D:2:      bloody_trog, serial_glass, glass_columns_b, glass_columns_b,
          minmay_misc_feat_alley, uniq_sigmund

Skill      XL: |  1  2  3 |
---------------+----------+-----
Conjurations   | 2 |  2.1
Fire Magic     | 4 |  4.0
Dodging        | |  1.7
Stealth        | |  1.7
Spellcasting   | |  1.7

Action                   || total
-------------------------++-------
Melee: Unarmed           ||     7
       Short sword       ||    31
 Cast: Flame Tongue      ||    48
  Use: Scroll            ||     4
       Potion            ||     2
  Eat: Chunk             ||     2
Armor: Robe              ||    12
Dodge: Dodged            ||    28

Table legend:
 A = Non-vault XP
 B = Vault XP
 C = Vault XP percentage of total XP
 D = Non-vault monster count
 E = Vault monster count
 F = Vault count percentage of total count
                 A         B        C        D         E       F
            +---------+---------+-------+---------+---------+-------
      Total |      58 |       5 |   7.9 |      27 |       3 |  10.0
            +---------+---------+-------+---------+---------+-------
        D:1 |      42 |       5 |  10.6 |      24 |       3 |  11.1
        D:2 |      16 |       0 |   0.0 |       3 |       0 |   0.0
            +---------+---------+-------+---------+---------+-------
